 Dungeon Crawl Stone Soup version 0.30.1-9-gdf580d7c3d (webtiles) character file.

Game seed: 16883113005220390725

2847 Zonian the Thaumaturge (level 9, -4/45 HPs)
             Began as a Deep Elf Ice Elementalist on Oct 2, 2023.
             Was a Believer of Makhleb.
             Engulfed by a steam dragon's steam (6 damage)
             ... on level 7 of the Dungeon on Oct 3, 2023.
             The game lasted 00:18:33 (9657 turns).

Zonian the Thaumaturge (Deep Elf Ice Elementalist)  Turns: 9657, Time: 00:18:34

Health: -4/45      AC: 15    Str: 11    XL:     9   Next: 46%
Magic:  19/25      EV: 12    Int: 28    God:    Makhleb [**....]
Gold:   189        SH:  0    Dex: 15    Spells: 14/28 levels left

rFire   . . .        m - +5 short sword (drain)
rCold   . . .        (no shield)
rNeg    . . .        t - +1 troll leather armour {Pargi}
rPois   .            h - +0 helmet
rElec   .            (no cloak)
rCorr   .            A - +1 pair of gloves of Wrong Decisions {+Inv Int+3}
SInv    .            (no boots)
Will    .....        (no amulet)
Stlth   ++           x - +6 ring of strength
HPRegen 1.07/turn    (no ring)
MPRegen 0.19/turn

%: no passive effects
@: ice-armoured, freezing walls
A: no striking features
a: Renounce Religion, Evoke Invisibility, Minor Destruction


You were on level 7 of the Dungeon.
You worshipped Makhleb.
Makhleb was pleased with you.
You visited 1 branch of the dungeon, and saw 7 of its levels.

You collected 357 gold pieces.
You spent 168 gold pieces at shops.

Inventory:

Hand Weapons
 c - a +1 flail of protection
 i - a +0 dagger
 m - a +5 short sword of draining (weapon)
 o - a +1 whip of freezing
 s - a +0 dagger
 v - a +0 short sword of speed
 z - a +2 heavy sling
Missiles
 j - 29 poisoned darts
Armour
 a - a +0 robe
 d - a +0 leather armour
 h - a +0 helmet (worn)
 r - a +0 ring mail
 t - a +1 troll leather armour (worn) {Pargi}
 A - the +1 pair of gloves of Wrong Decisions (worn) {+Inv Int+3}
   (You found it on level 7 of the Dungeon)

   Int:       It affects your intelligence (+3).
   +Inv:      It lets you turn invisible.
 B - +0 steam dragon scales
Jewellery
 x - a +6 ring of strength (left hand)
Wands
 f - a wand of mindburst (2)
 q - a wand of roots (3)
Scrolls
 k - 6 scrolls of teleportation
 w - a scroll of magic mapping
 y - a scroll of vulnerability {unknown}
Potions
 b - a potion of magic
 e - 5 potions of brilliance
 g - a potion of ambrosia
 l - 8 potions of curing
 n - 2 potions of heal wounds
 p - 2 potions of haste
 u - 2 potions of attraction
 C - a potion of degeneration {unknown}


   Skills:
 + Level 3.8 Short Blades
 + Level 3.5 Dodging
 + Level 3.7 Stealth
 + Level 10.0 Spellcasting
 + Level 1.9 Hexes
 + Level 6.2 Summonings
 + Level 9.3 Ice Magic


You had 14 spell levels left.
You knew the following spells:

 Your Spells              Type           Power      Damage    Failure   Level
a - Freeze                Ice            100%       1d10      1%          1
b - Frozen Ramparts       Ice            100%       1d16      1%          3
c - Ozocubu's Armour      Ice            60%        N/A       1%          3
d - Summon Ice Beast      Ice/Summ       55%        N/A       2%          4
e - Confusing Touch       Hex            24%        N/A       7%          3

Your spell library contained the following spells:

 Spells                   Type           Power      Damage    Failure   Level
 Slow                     Hex            96%        N/A       2%          1
 Sandblast                Erth           28%        2d8       5%          1
 Sting                    Tmut/Pois      56%        1d5       5%          1
 Passwall                 Tmut/Erth      11%        N/A       8%          2
 Poisonous Vapours        Pois/Air       28%        N/A       8%          2
 Stone Arrow              Conj/Erth      28%        3d8       16%         3
 Vampiric Draining        Necr           14%        2d7       16%         3
 Olgreb's Toxic Radiance  Pois           14%        N/A       45%         4


Dungeon Overview and Level Annotations

Branches:
Dungeon (7/15)             Temple (0/1) D:5

Altars:
Makhleb

Shops:
D:6 !

Annotations:
D:4 1 exclusion


Message History

You hear an angry hiss.
You hear a shout!
An orc comes into view.
It is wielding a +0 short sword and wearing a +3 scale mail of fire resistance.
The steam dragon breathes steam at you. The ball of steam hits you!
You hear an angry hiss.
Aiming: Fastroot
Press: ? - help, Shift-Dir - straight line, f - steam dragon
Aim: a steam dragon (steam)
The roots erupt in riotous growth!
Roots grab the steam dragon.
The grasping roots constrict the steam dragon.
You hear an angry hiss.
The steam dragon breathes steam at you. The ball of steam misses you.
The roots lose their grip on something.
You feel better.
An iguana comes into view.
Casting: Frozen Ramparts (safe; 1% risk of failure)
Confirm with . or Enter, or press ? or * to list all spells.
Casting: Frozen Ramparts (safe; 1% risk of failure)
Press: ? - help, Dir - look around, f - activate The walls around you are covered in ice.
The iguana hisses angrily.
The wall freezes the steam dragon!
The steam dragon breathes steam at you. The ball of steam hits you!!
Casting: Frozen Ramparts (safe; 1% risk of failure)
Confirm with . or Enter, or press ? or * to list all spells.
A film of ice covers your body!
You are engulfed in a cloud of scalding steam.
* * * LOW HITPOINT WARNING * * *
The wall freezes the steam dragon but does no damage.
The steam dragon bites you but does no damage.
The steam dragon misses you. The heat melts your icy armour.
You hit the steam dragon but do no damage.
You drain the steam dragon.
The steam dragon is heavily wounded.
You are engulfed in a cloud of scalding steam.
You die...

#............#
#..........### #
#.####.....<....####.#
#...............))...# .
#.#####.......######...#
..o... ##..##.### #..
....#.##...##..# # #
#...l.D..###.# .#
###§.§#@####.# #.#
###D#§§....## ##.###
#...####..#####....
##.## #....#.<..#
#.#######.....#.#
#.##............#
#.#..#####..##..### #.#
##........ ######..#


You could see a steam dragon (drained) and an iguana.

Vanquished Creatures
  Pikel (D:4)
  Maggie (D:7)
  Edmund (D:4)
  An ice beast (D:7)
  A black bear (D:6)
  Pargi (D:4)
  2 ogres (D:5)
  2 kobold brigands (D:7)
  A phantom (D:5)
  A bullfrog (D:7)
  A gnoll sergeant (D:6)
  5 scorpions
  A jelly (D:6)
  4 killer bees (D:6)
  5 hounds
  4 orc priests
  An iguana (D:4)
  7 orc wizards
  7 gnolls
  5 adders
  A shadow imp (D:6)
  A white imp (D:7)
  3 dart slugs
  31 orcs
  5 ball pythons
  4 bats
  4 endoplasms
  A giant cockroach (D:1)
  8 hobgoblins
  2 quokkas (D:1)
  7 frilled lizards
  8 goblins
  10 kobolds
  A rat (D:2)
138 creatures vanquished.

Notes
Turn   | Place    | Note
-------+----------+-------------------------------------------
     0 | D:1      | Zonian the Deep Elf Ice Elementalist began the quest for
                  | the Orb.
     0 | D:1      | Reached XP level 1. HP: 10/10 MP: 6/6
   348 | D:1      | Reached XP level 2. HP: 3/15 MP: 2/8
  1274 | D:1      | Reached XP level 3. HP: 17/19 MP: 7/10
  1982 | D:3      | Found a faded altar of an unknown god.
  2495 | D:3      | Reached skill level 4 in Spellcasting
  2495 | D:3      | Reached skill level 5 in Ice Magic
  2741 | D:3      | Learned a level 3 spell: Frozen Ramparts
  2865 | D:3      | Prayed at the altar of an unknown god.
  2865 | D:3      | Became a worshipper of Makhleb the Destroyer
  2865 | D:3      | Reached * piety under Makhleb
  3204 | D:4      | Noticed a scorpion
  3238 | D:4      | Reached XP level 4. HP: 24/24 MP: 10/12
  3659 | D:4      | Noticed Edmund
  3669 | D:4      | Killed Edmund
  3670 | D:4      | Reached skill level 5 in Spellcasting
  3670 | D:4      | Reached XP level 5. HP: 22/28 MP: 12/15
  3853 | D:4      | Reached skill level 6 in Spellcasting
  3853 | D:4      | Reached XP level 6. HP: 10/32 MP: 12/17
  4323 | D:4      | Noticed Pikel
  4585 | D:4      | Noticed Pargi
  4982 | D:4      | Learned a level 3 spell: Ozocubu's Armour
  4987 | D:4      | Learned a level 4 spell: Summon Ice Beast
  5105 | D:4      | Killed Pikel
  5106 | D:4      | Reached skill level 7 in Spellcasting
  5106 | D:4      | Reached XP level 7. HP: 16/36 MP: 15/20
  5444 | D:4      | Killed Pargi
  5553 | D:5      | Entered Level 5 of the Dungeon
  5663 | D:5      | Reached skill level 8 in Spellcasting
  5664 | D:5      | Reached XP level 8. HP: 41/41 MP: 19/22
  5789 | D:5      | Found a staircase to the Ecumenical Temple.
  6278 | D:5      | Reached skill level 1 in Short Blades
  7576 | D:6      | Reached skill level 9 in Spellcasting
  7576 | D:6      | Reached skill level 5 in Summonings
  8287 | D:6      | Reached XP level 9. HP: 45/45 MP: 20/24
  8443 | D:6      | Reached ** piety under Makhleb
  8638 | D:6      | Found Juzanesch's Distillery.
  8644 | D:6      | Bought 2 potions of curing for 84 gold pieces
  8644 | D:6      | Bought 2 potions of curing for 84 gold pieces
  9387 | D:7      | Identified the +1 pair of gloves of Wrong Decisions {+Inv
                  | Int+3}
  9398 | D:7      | Learned a level 3 spell: Confusing Touch
  9414 | D:7      | Noticed Maggie
  9423 | D:7      | Killed Maggie
  9424 | D:7      | Reached skill level 1 in Hexes
  9591 | D:7      | Reached skill level 10 in Spellcasting
  9656 | D:7      | HP: 1/45 [steam dragon] (13)]
  9657 | D:7      | Engulfed by a steam dragon's steam

Illustrated notes

Levels and vault maps discovered:
D:1:      wander_arrival_lonely_grave, layout_loops_ring, chequers_arboretum
D:2:      layout_rooms
D:3:      layout_rooms, hellmonk_ecumenical_altar_pennies_from_heaven,
          item_on_display_a
D:4:      layout_basic, serial_park_tiny_2, uniq_edmund, uniq_pikel, uniq_pargi
D:5:      layout_loops_ring, minmay_temple_entry_drinking_statues
D:6:      layout_gridville, serial_shops, shop
D:7:      minmay_inner_zag, layout_rooms, wad_floor_pattern_untrapped,
          uniq_maggie, uniq_prince_ribbit1

Skill      XL: |  1  2  3  4  5  6  7  8  9 |
---------------+----------------------------+-----
Stealth        | 3 |  3.7
Dodging        | 3 |  3.5
Spellcasting   | 4 5 6 7 8 9 10 | 10.0
Ice Magic      | 5 6 7 8 9 |  9.3
Summonings     | 3 5 6 |  6.2
Short Blades   | 2 3 |  3.8
Hexes          | 1 |  1.9

Action                     |  1- 3 |  4- 6 |  7- 9 || total
---------------------------+-------+-------+-------++-------
  Melee: Unarmed           |    22 |       |       ||    22
         Punch             |     3 |       |     1 ||     4
         Short sword       |    47 |    55 |   134 ||   236
         Dagger            |    26 |       |       ||    26
   Cast: Freeze            |    47 |    10 |    12 ||    69
         Frozen Ramparts   |       |     1 |    26 ||    27
         Ozocubu's Armour  |       |       |     5 ||     5
  Evoke: Wand              |       |     9 |     2 ||    11
    Use: Scroll            |     5 |     5 |     3 ||    13
         Potion            |       |       |     2 ||     2
   Stab: Sleeping          |     2 |     4 |     2 ||     8
 Armour: Robe              |    22 |    12 |     2 ||    36
         Troll leather arm |       |       |    48 ||    48
  Dodge: Dodged            |    96 |    26 |    71 ||   193
